 Dungeon Crawl Stone Soup version 0.31.0-11-ge490571c62 (webtiles) character file.

Game seed: 10423647320309346648

16095 mopl the Summoner (level 12, -19/68 HPs)
             Began as a Tengu Summoner on Jan 29, 2024.
             Was a Believer of Sif Muna.
             Demolished by an ettin
             ... wielding a +0 dire flail
              (32 damage)
             ... on level 1 of the Orcish Mines.
             The game lasted 00:26:20 (12997 turns).

mopl the Summoner (Tengu Summoner)                 Turns: 12997, Time: 00:26:20

Health: -19/68     AC:  6    Str: 11    XL:     12   Next: 33%
Magic:  11/27      EV: 32    Int: 19    God:    Sif Muna [**....]
Gold:   25         SH:  0    Dex: 14    Spells: 15/31 levels left

rFire   + . .        o - +5 woodcutter's axe
rCold   + . .        (shield currently unavailable)
rNeg    + . .        y - +2 robe {rF+}
rPois   .            (helmet restricted)
rElec   .            B - +0 cloak
rCorr   .            l - +0 pair of gloves
SInv    .            (boots unavailable)
Will    .....        (no amulet)
Stlth   ++           E - ring of protection from cold
HPRegen 0.31/turn    J - ring of positive energy
MPRegen 0.20/turn

%: acrobat
@: acrobatic, unable to call your familiar, flying
A: beak, talons 3, evasive flight, acrobatic
a: Renounce Religion, Channel Magic


You were on level 1 of the Orcish Mines.
You worshipped Sif Muna.
Sif Muna was pleased with you.
You visited 3 branches of the dungeon, and saw 12 of its levels.

You collected 744 gold pieces.
You spent 719 gold pieces at shops.

Inventory:

Hand Weapons
 a - a +0 spear
 b - a +4 sling
 o - the +5 woodcutter's axe (weapon)
   (You found it on level 3 of the Dungeon)
 F - a +1 halberd of freezing
 H - the +7 captain's cutlass {speed, disarm}
   (You found it on level 7 of the Dungeon)
 I - a +0 bardiche
Missiles
 m - 3 boomerangs
 L - 27 poisoned darts
 Q - a throwing net
Armour
 c - a +0 kite shield
 l - a +0 pair of gloves (worn)
 y - a +2 robe of fire resistance (worn)
 B - a +0 cloak (worn)
 G - a +2 robe of positive energy
 S - a +1 ring mail of willpower
Jewellery
 E - a ring of protection from cold (left hand)
 J - a ring of positive energy (right hand)
Wands
 x - a wand of polymorph (7)
 K - a wand of flame (17)
 N - a wand of quicksilver (3)
Scrolls
 d - 10 scrolls of teleportation
 e - 2 scrolls of vulnerability {unknown}
 f - a scroll of blinking {unknown}
 g - 4 scrolls of identify
 i - 2 scrolls of silence {unknown}
 n - 3 scrolls of poison {unknown}
 p - 4 scrolls of fear
 r - a scroll of enchant weapon {unknown}
 u - 3 scrolls of immolation
 w - a scroll of brand weapon {unknown}
 z - a scroll of enchant armour {unknown}
 A - 3 scrolls of acquirement {unknown}
 M - 2 scrolls of fog
 O - a scroll of torment {unknown}
 P - a scroll of amnesia
 T - a scroll of revelation
Potions
 h - a potion of cancellation
 j - 3 potions of curing
 k - 2 potions of magic
 q - 3 potions of invisibility
 s - a potion of lignification
 t - 2 potions of attraction
 v - 2 potions of mutation
 C - a potion of might
 D - a potion of berserk rage
 R - 3 potions of heal wounds


   Skills:
 + Level 5.4 Fighting
 + Level 7.8 Polearms
 + Level 3.9 Armour
 + Level 4.6 Dodging
 - Level 2.0 Stealth
 + Level 3.5 Shields
 * Level 10.0 Spellcasting
 * Level 13.5 Summonings
 - Level 4.0 Translocations
 - Level 3.0 Air Magic
 + Level 2.8 Invocations


You had 15 spell levels left.
You knew the following spells:

 Your Spells              Type           Power      Damage    Failure   Level
a - Summon Small Mammal   Summ           100%       N/A       1%          1
b - Call Imp              Summ           100%       N/A       1%          2
c - Call Canine Familiar  Summ           57%        N/A       1%          3
d - Summon Lightning Spi  Summ/Air       40%        N/A       2%          4
e - Blink                 Tloc           48%        N/A       2%          2
g - Summon Blazeheart Go  Fire/Summ      35%        N/A       4%          4

Your spell library contained the following spells:

 Spells                   Type           Power      Damage    Failure   Level
 Animate Armour           Summ/Erth      70%        N/A       4%          4
 Magic Dart               Conj           36%        1d4       8%          1
 Vhi's Electric Charge    Tloc/Air       44%        N/A       17%         4
 Ignite Poison            Fire/Alch      9%         N/A       58%         4
 Sticky Flame             Fire/Alch      9%         2d5       58%         4
 Arcjolt                  Conj/Air       7%         1d17      73%         5
 Lee's Rapid Deconstruct  Erth           4%         3d5*      90%         5
 Ignition                 Fire           4%         3d4       100%        8
 Maxwell's Capacitive Co  Air            10%        ∞         100%        8


Dungeon Overview and Level Annotations

Branches:
Dungeon (10/15)            Temple (1/1) D:7            Lair (0/5) D:9
    Orc (1/2) D:9

Altars:
Cheibriados
Dithmenos
Elyvilon
Fedhas
Gozag
Hepliaklqana
Kikubaaqudgha
Makhleb
Nemelex Xobeh
Okawaru
Qazlal
Ru
Sif Muna
Trog
Uskayaw
Vehumet
Wu Jian
Xom
Yredelemnul
Zin
The Shining One

Shops:
D:4 !   D:7 [   D:9 ?   Orc:1 ?

Annotations:
D:10 Amaemon


Innate Abilities, Weirdness & Mutations

You have a beak for a mouth.
You have claws for feet.
Your magical flight helps you evade attacks. (EV +4)
You can magically evade attacks while moving or waiting.


Message History

An electric hum fills the air.
The ettin hits you with a +0 dire flail.
The ettin barely misses you.
The two-headed ogre hits your inugami with a +0 dire flail!!
Your inugami dies!
Your inugami disappears in a puff of smoke!
Unknown command.
Unknown command.
The ettin attacks as it pursues you!
The ettin hits you with a +0 dire flail!!!
Ouch! That really hurt!
The ettin completely misses you.
Your lightning spire shoots out a bolt of lightning at the ettin!
The bolt of electricity hits the ettin!
The ettin hits your lightning spire but does no damage.
The ettin hits your lightning spire with a +0 great mace!!
Your lightning spire is destroyed!
Your lightning spire disappears in a puff of smoke!
Okay, then.
Casting: Summon Lightning Spire (dangerous; 2% risk of failure)
Confirm with . or Enter, or press ? or * to list all spells.
An electric hum fills the air.
Unknown command.
The two-headed ogre hits your lightning spire with a +0 dire flail!!
The two-headed ogre hits your lightning spire with a +0 giant club!
Your lightning spire is destroyed!
Your lightning spire disappears in a puff of smoke!
The ettin attacks as it pursues you! The ettin hits you but does no damage.
The ettin misses you. The ettin attacks as it pursues you!
The ettin misses you. The ettin completely misses you.
You see here a +0 dagger.
The ettin attacks as it pursues you! The ettin completely misses you.
The ettin hits you with a +0 great mace!!
* * * LOW HITPOINT WARNING * * *
The ettin attacks as it pursues you! The ettin completely misses you.
The ettin closely misses you. The ettin attacks as it pursues you!
The ettin misses you.
The ettin hits you with a +0 great mace!!
You die...

#...#.###............#.
##.#####...............
....###................
...#.#....)))..........
..........O).[.........
#....O...[).........
##...#..............
#..C.##.#.[...##....
##.@.####....#......
##.## ##[)).......#
###...###[[.[♣...#...
##.##.###....♣.♣......
#....###....♣...♣.....
#.....#....♣..∩..♣..#.
##..#........♣...♣...##
#...#.........♣.♣.....#
##..###....#...)♣[....##


You could see an ettin and a two-headed ogre.

Vanquished Creatures
  3 two-headed ogres
  An orc high priest (Orc:1)
  An ugly thing (D:8)
  A manticore (D:8)
  An orc sorcerer (Orc:1)
  A kobold demonologist (D:9)
  7 yaks
  2 wraiths
  A warg (Orc:1)
  Menkaure (D:6)
  12 orc warriors
  2 water moccasins (D:7)
  3 ice beasts
  2 black bears (D:7)
  2 ogres
  8 centaurs
  8 phantoms
  2 kobold brigands
  A gnoll sergeant (D:9)
  9 scorpions
  7 bullfrogs
  12 wights
  6 killer bees (D:8)
  3 centaur zombies (D:7)
  4 hounds
  6 orc priests
  2 jellies (D:6)
  Crazy Yiuf (D:6)
  7 sleepcaps
  5 iguanas
  13 orc wizards
  5 killer bee zombies (D:7)
  2 scorpion zombies (D:7)
  4 gnolls (D:9)
  10 adders
  10 shadow imps
  A white imp (D:7)
  4 ufetubi
  5 dart slugs
  3 ribbon worms
  30 orcs
  5 endoplasms
  6 goblins
  4 hobgoblins
  17 kobolds
  5 quokkas
  7 ball pythons
  9 bats
  A frilled lizard (D:1)
  12 rats
274 creatures vanquished.

Vanquished Creatures (collateral kills)
  2 two-headed ogres
  A boulder beetle (D:6)
  2 orc knights (Orc:1)
  An ugly thing (D:8)
  A komodo dragon (D:9)
  A hornet (D:9)
  A black bear (D:6)
  An orc warrior (D:9)
  An ogre (D:3)
  A bullfrog (D:9)
  A nameless horror (D:6)
  2 wights
  An iguana (D:6)
  A shadow imp (D:7)
  5 orcs
22 creatures vanquished.

Vanquished Creatures (others)
  An orc wizard (D:9)
  A blazeheart core (D:6)
2 creatures vanquished.

Grand Total: 298 creatures vanquished

Notes
Turn   | Place    | Note
-------+----------+-------------------------------------------
     0 | D:1      | mopl the Tengu Summoner began the quest for the Orb.
     0 | D:1      | Reached XP level 1. HP: 10/10 MP: 4/4
    29 | D:1      | Reached skill level 5 in Summonings
   145 | D:1      | Reached XP level 2. HP: 15/15 MP: 6/6
   148 | D:1      | Learned a level 2 spell: Call Imp
   542 | D:1      | Reached XP level 3. HP: 16/19 MP: 7/7
   827 | D:1      | Learned a level 3 spell: Call Canine Familiar
  1009 | D:2      | Reached XP level 4. HP: 6/24 MP: 9/9
  1217 | D:2      | Found a faded altar of an unknown god.
  1331 | D:2      | Identified the +0 plate armour of the Goldsmith {rCorr}
  1777 | D:3      | Reached skill level 6 in Summonings
  2048 | D:3      | Noticed an ogre
  2055 | D:3      | Killed an ogre
  2056 | D:3      | Reached skill level 1 in Polearms
  2056 | D:3      | Reached XP level 5. HP: 28/28 MP: 4/11
  2061 | D:3      | Learned a level 4 spell: Summon Blazeheart Golem
  2125 | D:3      | Found the +5 woodcutter's axe
  2452 | D:4      | Reached XP level 6. HP: 7/32 MP: 11/13
  2722 | D:4      | Found Umibol's Distillery.
  2754 | D:4      | Bought a potion of curing for 33 gold pieces
  2754 | D:4      | Bought a potion of heal wounds for 55 gold pieces
  2754 | D:4      | Bought a potion of attraction for 33 gold pieces
  2919 | D:4      | Reached skill level 7 in Summonings
  3062 | D:5      | Entered Level 5 of the Dungeon
  3093 | D:5      | Gained mutation: Your magical flight helps you evade
                  | attacks. (EV +4) [Tengu growth]
  3093 | D:5      | Reached XP level 7. HP: 20/36 MP: 14/14
  3244 | D:5      | Learned a level 4 spell: Summon Lightning Spire
  3254 | D:5      | Noticed a yak
  3263 | D:5      | Killed a yak
  3264 | D:5      | Reached skill level 5 in Spellcasting
  3264 | D:5      | Reached skill level 1 in Air Magic
  3266 | D:5      | HP: 1/36 [phantom (6)]
  3270 | D:5      | Reached skill level 8 in Summonings
  3483 | D:5      | Reached XP level 8. HP: 33/41 MP: 17/17
  3809 | D:4      | Bought a potion of mutation for 88 gold pieces
  3826 | D:5      | Noticed a yak
  3828 | D:5      | Noticed a yak
  3828 | D:5      | Noticed a yak
  3835 | D:5      | Noticed a yak
  3836 | D:5      | Noticed a yak
  3844 | D:5      | Killed a yak
  3846 | D:5      | Killed a yak
  3847 | D:5      | Reached skill level 9 in Summonings
  3853 | D:5      | Killed a yak
  3860 | D:5      | Killed a yak
  3861 | D:5      | Reached XP level 9. HP: 24/45 MP: 18/20
  4089 | D:6      | Reached skill level 10 in Summonings
  4160 | D:6      | Reached skill level 5 in Polearms
  4346 | D:6      | Reached skill level 1 in Fighting
  4918 | D:6      | Learned a level 2 spell: Blink
  4978 | D:6      | Noticed Menkaure
  4985 | D:6      | Killed Menkaure
  5257 | D:6      | Noticed a boulder beetle
  5292 | D:6      | Reached skill level 1 in Translocations
  5616 | D:6      | Killed a boulder beetle
  5617 | D:6      | Reached skill level 11 in Summonings
  5617 | D:6      | Reached XP level 10. HP: 40/55 MP: 2/23
  5753 | D:6      | Found a runed translucent door.
  5754 | D:6      | Noticed Crazy Yiuf
  5920 | D:6      | Noticed a two-headed ogre
  5934 | D:6      | Killed a two-headed ogre
  6087 | D:6      | Killed Crazy Yiuf
  6256 | D:6      | HP: 2/56 [poisoned by an orc wizard]
  6297 | D:4      | Bought a potion of might for 44 gold pieces
  6297 | D:4      | Bought a potion of berserk rage for 55 gold pieces
  6297 | D:4      | Bought a potion of curing for 33 gold pieces
  7091 | D:7      | Reached skill level 12 in Summonings
  7157 | D:7      | Reached skill level 1 in Armour
  7203 | D:7      | Reached skill level 1 in Shields
  7413 | D:7      | Reached XP level 11. HP: 44/61 MP: 25/25
  7423 | D:7      | Found the +7 captain's cutlass {speed, disarm}
  7781 | D:7      | Found a staircase to the Ecumenical Temple.
  7787 | Temple   | Entered the Ecumenical Temple
  7818 | Temple   | Became a worshipper of Sif Muna the Loreminder
  7864 | D:7      | Found Foufep's Antique Armour Shop.
  8099 | D:8      | Noticed a two-headed ogre
  8130 | D:8      | Killed a two-headed ogre
  8895 | D:8      | HP: 2/62 [killer bee (8)]
  9004 | D:8      | Noticed a brown ugly thing
  9100 | D:8      | Killed a brown ugly thing
  9101 | D:8      | Reached skill level 1 in Invocations
  9232 | D:8      | Noticed a brown ugly thing
  9262 | D:8      | Killed a brown ugly thing
  9427 | D:8      | Noticed a manticore
  9439 | D:8      | Killed a manticore
  9683 | D:8      | Reached * piety under Sif Muna
  9779 | D:9      | Noticed a two-headed ogre
  9789 | D:9      | Killed a two-headed ogre
  9842 | D:9      | Found a staircase to the Orcish Mines.
  9948 | D:9      | Found a staircase to the Lair.
 10030 | D:9      | Found a stormy altar of Qazlal.
 10030 | D:9      | Found a white marble altar of Elyvilon.
 10030 | D:9      | Found a bloodstained altar of Trog.
 10030 | D:9      | Found a glowing silver altar of Zin.
 10031 | D:9      | Found a blossoming altar of Fedhas.
 10031 | D:9      | Found a radiant altar of Vehumet.
 10032 | D:9      | Found an iron altar of Okawaru.
 10032 | D:9      | Found a shadowy altar of Dithmenos.
 10032 | D:9      | Found a glowing golden altar of the Shining One.
 10247 | D:9      | Found Yfeo's Magic Scroll Emporium.
 10255 | D:9      | Bought a scroll of fog for 64 gold pieces
 10255 | D:9      | Bought a scroll of amnesia for 64 gold pieces
 10255 | D:9      | Bought a scroll of teleportation for 48 gold pieces
 10255 | D:9      | Bought a scroll of immolation for 64 gold pieces
 10288 | D:9      | Reached skill level 13 in Summonings
 10559 | D:9      | Noticed a two-headed ogre
 10581 | D:9      | HP: 2/60 [wight/+5 great sword (4)]
 11002 | D:9      | Killed a two-headed ogre
 11003 | D:9      | Reached skill level 5 in Fighting
 11463 | D:10     | Entered Level 10 of the Dungeon
 11465 | D:10     | Noticed Amaemon
 11528 | Orc:1    | Entered Level 1 of the Orcish Mines
 11553 | Orc:1    | Found Sunyexug's Magic Scroll Boutique.
 11570 | Orc:1    | Noticed an orc knight
 11582 | Orc:1    | Killed an orc knight
 11583 | Orc:1    | Reached XP level 12. HP: 54/68 MP: 19/26
 11706 | Orc:1    | Noticed an orc high priest
 11738 | Orc:1    | Killed an orc high priest
 11738 | Orc:1    | Reached ** piety under Sif Muna
 12651 | Orc:1    | Bought a scroll of fear for 48 gold pieces
 12651 | Orc:1    | Bought a scroll of revelation for 90 gold pieces
 12857 | Orc:1    | Reached skill level 10 in Spellcasting
 12936 | Orc:1    | Noticed a two-headed ogre
 12942 | Orc:1    | Noticed an ettin
 12946 | Orc:1    | Killed a two-headed ogre
 12948 | Orc:1    | Noticed a two-headed ogre
 12949 | Orc:1    | Noticed a two-headed ogre
 12997 | Orc:1    | Demolished by an ettin

Illustrated notes

Levels and vault maps discovered:
D:1:      enne_arrival_octagon_isle, layout_basic
D:2:      layout_loops_cross, hellmonk_ecumenical_altar_leap_of_faith
D:3:      layout_basic, kennysheep_pointless_box, interstate_on_off
D:4:      layout_rooms, serial_shops, nicolae_shop_industrial_runoff,
          kennysheep_generic_room_5
D:5:      layout_basic
D:6:      cheibrodos_barr_body, layout_rooms, uniq_crazy_yiuf_cottage,
          uniq_menkaure
D:7:      bobbens_index_wilting_gardens, layout_gridville,
          minmay_temple_entry_enclosed_plants, serial_shops, shop_fountains
D:8:      layout_basic, wad_mini_maze
D:9:      layout_stronghold, nicolae_overflows_in_rows,
          grunt_lair_entry_orc_guard_hut, david_orc_2, serial_shops, shop
D:10:     layout_small_grid, nicolae_ashenzari_skybound, nicolae_letterblocks
          [nicolae_letter_subblock, nicolae_letter_subblock,
          nicolae_letter_subblock, nicolae_letter_subblock,
          nicolae_letter_subblock, nicolae_letter_subblock,
          nicolae_letter_subblock, nicolae_letter_subblock,
          nicolae_letter_subblock, nicolae_letter_subblock,
          nicolae_letter_subblock, nicolae_letter_subblock,
          nicolae_letter_subblock, nicolae_letter_subblock,
          nicolae_letter_subblock, nicolae_letter_subblock,
          nicolae_letter_subblock, nicolae_letter_subblock,
          nicolae_letter_subblock, nicolae_letter_subblock,
          nicolae_letter_subblock, nicolae_letter_subblock,
          nicolae_letter_subblock, nicolae_letter_subblock,
          nicolae_letter_subblock], uniq_erica, uniq_amaemon, uniq_nergalle
Temple:   nicolae_temple_godzebo
Orc:1:    layout_caves, serial_shops, nicolae_diamond_shop, basic_altar,
          hellmonk_guarded_unrand_dark_maul

Skill      XL: |  1  2  3  4  5  6  7  8  9 10 11 12 |
---------------+-------------------------------------+-----
Summonings     | 5 6 7 8 9 11 12 13 | 13.5
Spellcasting   | 3 4 5 6 8 9 10 | 10.0
Polearms       | 1 2 3 4 5 6 7 |  7.8
Air Magic      | 2 3 |  3.0
Fighting       | 2 4 5 |  5.4
Translocations | 1 2 3 4 |  4.0
Armour         | 1 3 |  3.9
Shields        | 1 3 |  3.5
Dodging        | 4 |  4.6
Invocations    | 2 |  2.8
Stealth        | |  2.0

Action                     |  1- 3 |  4- 6 |  7- 9 | 10-12 || total
---------------------------+-------+-------+-------+-------++-------
  Melee: Unarmed           |    85 |       |       |       ||    85
         Kick              |    38 |    13 |    59 |   180 ||   290
         Peck              |    23 |     5 |    38 |   106 ||   172
         Punch             |     3 |       |       |       ||     3
         Mace              |    37 |     9 |       |       ||    46
         Spear             |       |     5 |       |       ||     5
         Battleaxe         |       |    57 |   190 |   534 ||   781
   Fire: Sling             |       |    40 |       |       ||    40
  Throw: Boomerang         |       |       |     1 |       ||     1
   Cast: Call Canine Famil |       |     1 |     8 |    19 ||    28
         Call Imp          |       |     1 |     9 |    12 ||    22
         Summon Small Mamm |       |       |     5 |       ||     5
         Summon Blazeheart |       |       |     2 |     2 ||     4
         Summon Lightning  |       |       |     1 |    13 ||    14
    Use: Potion            |       |       |       |     4 ||     4
         Scroll            |       |       |       |     4 ||     4
   Stab: Sleeping          |     4 |     1 |     3 |     4 ||    12
         Distracted        |       |       |     1 |     2 ||     3
 Armour: Robe              |    59 |    31 |    87 |   282 ||   459
  Dodge: Dodged            |   115 |    63 |   197 |   508 ||   883
